 Dungeon Crawl Stone Soup version 0.25-a0-424-g80bd347ae0 (webtiles) character file.

Game seed: 446227583256410255, levelgen mode: deterministic

4309 MisterFreud the Slicer (level 10, -4/82 HPs)
             Began as a Gnoll Chaos Knight on Jan 21, 2020.
             Was a Plaything of Xom.
             Slain by a basilisk (5 damage)
             ... while petrified by a basilisk
             ... on level 2 of the Lair of Beasts.
             The game lasted 00:14:06 (7857 turns).

MisterFreud the Slicer (Gnoll Chaos Knight)         Turns: 7857, Time: 00:14:07

Health: -4/82      AC: 10    Str: 15    XL:     10   Next: 32%
Magic:  17/17      EV:  2    Int: 17    God:    Xom [.....*]
Gold:   251        SH:  0    Dex: 15    Spells: 16/19 levels left

rFire    . . .     SeeInvis .   D - +5 rapier (chaos)
rCold    . . .     Gourm    .   j - +0 buckler
rNeg     + + +     Faith    .   b - +2 leather armour
rPois    ∞         Spirit   .   x - +2 hat
rElec    .         Reflect  .   q - +1 cloak
rCorr    .         Harm     .   (no gloves)
MR       +....                  (no boots)
Stlth    +++.......             (no amulet)
HPRegen  0.23/turn              n - +3 ring of evasion
MPRegen  0.15/turn              I - ring of protection from magic

@: petrified, cleaving
A: distributed training, claws 1, fangs 1, wild magic 1, MP-powered wands,
strong nose
a: Renounce Religion


You were on level 2 of the Lair of Beasts.
You worshipped Xom.
You were Xom's teddy bear.
You were not hungry.

You visited 2 branches of the dungeon, and saw 10 of its levels.

You collected 563 gold pieces.
You spent 312 gold pieces at shops.

Inventory:

Hand Weapons
 A - a +2 rapier of venom
 D - a +5 rapier of chaos (weapon)
Missiles
 a - 18 poisoned darts
 e - 386 stones (quivered)
 h - 14 boomerangs
 p - 77 sling bullets
 s - 118 arrows
 t - 2 throwing nets
 v - 23 bolts
 F - 7 atropa-tipped darts
Armour
 b - a +2 leather armour (worn)
 d - a +0 plate armour
 j - a +0 buckler (worn)
 q - a +1 cloak (worn)
 x - a +2 hat (worn)
 C - a cursed +0 shield
Jewellery
 l - an uncursed amulet of magic regeneration
 n - a +3 ring of evasion (left claw)
 u - an uncursed ring of protection from fire
 I - a ring of protection from magic (right claw)
 J - an uncursed ring of see invisible
 M - an uncursed ring of flight
 N - a +3 ring of strength {unknown}
Wands
 G - a wand of paralysis (7)
Scrolls
 f - 4 scrolls of teleportation
 m - a scroll of amnesia
 y - 3 scrolls of fear
 E - 2 scrolls of remove curse
 K - 2 scrolls of magic mapping
 L - a scroll of identify
Potions
 g - 2 potions of ambrosia
 i - a potion of lignification
 k - a potion of heal wounds
 r - 2 potions of flight
 w - 4 potions of agility
 z - 4 potions of curing
 B - 2 potions of haste
 H - a potion of mutation
Comestibles
 c - 18 rations


   Skills:
 + Level 8.4 Fighting
 + Level 8.4 Short Blades
 + Level 5.1 Long Blades
 + Level 5.1 Axes
 + Level 5.1 Maces & Flails
 + Level 5.1 Polearms
 + Level 5.1 Staves
 + Level 5.1 Slings
 + Level 5.1 Bows
 + Level 5.1 Crossbows
 + Level 5.1 Throwing
 + Level 6.9 Armour
 + Level 5.7 Dodging
 + Level 5.1 Stealth
 + Level 5.1 Shields
 + Level 5.1 Unarmed Combat
 + Level 5.1 Spellcasting
 + Level 4.2 Conjurations
 + Level 4.2 Hexes
 + Level 4.2 Charms
 + Level 4.2 Summonings
 + Level 4.2 Necromancy
 + Level 4.2 Translocations
 + Level 4.2 Transmutations
 + Level 4.2 Fire Magic
 + Level 4.2 Ice Magic
 + Level 4.2 Air Magic
 + Level 4.2 Earth Magic
 + Level 4.2 Poison Magic
 + Level 5.6 Invocations
 + Level 5.1 Evocations


You had 16 spell levels left.
You knew the following spells:

 Your Spells              Type           Power        Failure   Level  Hunger
a - Mephitic Cloud        Conj/Pois/Air  ###.....     13%         3    ###....

Your spell library contained the following spells:

 Spells                   Type           Power        Failure   Level  Hunger
 Animate Skeleton         Necr           N/A          5%          1    None
 Pain                     Necr           ###.         5%          1    None
 Poisonous Vapours        Pois/Air       ###...       8%          2    #......
 Confusing Touch          Hex            ###.....     13%         3    ###....
 Conjure Flame            Conj/Fire      ###.....     13%         3    ###....
 Gell's Gravitas          Tloc           ###.......   13%         3    ###....
 Vampiric Draining        Necr           ###.......   13%         3    ###....
 Animate Dead             Necr           N/A          38%         4    ####...
 Petrify                  Tmut/Erth      ###.....     38%         4    ####...
 Agony                    Necr           ###.....     71%         5    ######.
 Metabolic Englaciation   Hex/Ice        ###.......   71%         5    ######.
 Yara's Violent Unravell  Hex/Tmut       ###.......   71%         5    ######.
 Freezing Cloud           Conj/Ice/Air   ###.......   99%         6    #######
 Ring of Flames           Chrm/Fire      ###.......   100%        7    #######


Dungeon Overview and Level Annotations

Branches:
Dungeon (8/15)             Temple (0/1) D:4            Lair (1/6) D:8

Altars:
Dithmenos
Elyvilon
Gozag
Kikubaaqudgha
Makhleb
Nemelex Xobeh
Sif Muna
Trog
Uskayaw
Vehumet
Wu Jian
Xom
The Shining One

Shops:
D:8 ?

Annotations:
D:4 exclusion: statue


Innate Abilities, Weirdness & Mutations

Your experience applies equally to all skills.
You have very sharp teeth.
Your uncanny sense of smell can sniff out nearby items.
You have sharp fingernails.
Your spells are a little harder to cast, but a little more powerful.
You expend magic power (3 MP) to strengthen your wands.


Message History

You barely miss the basilisk.
The basilisk is heavily wounded.
You puncture the fungus!
The fungus flickers and vanishes!
The basilisk bites you!
You have turned to stone.
The basilisk barely misses you. The basilisk bites you! The basilisk bites you!
* * * LOW HITPOINT WARNING * * *
The basilisk bites you!!
* * * LOW HITPOINT WARNING * * *
The basilisk gazes at you. You resist with almost no effort.
The basilisk bites you!
* * * LOW HITPOINT WARNING * * *
The basilisk bites you but does no damage.
The basilisk bites you!
* * * LOW HITPOINT WARNING * * *
The basilisk bites you!
You die...
Xom bursts into laughter!

..... #.#..
.....##...#
.....P#..P##
.
..........$
.. ........
... #.....#
..#. #.....#
.....
#{l.#......
##@........
#..........
#P..........
##.#..#.#..#
.....#.....
#..##.......
...# .......
#....
.......
..##. ....


You could see a basilisk.

Vanquished Creatures
  A spiny frog (Lair:1)
  A komodo dragon (D:8)
  2 hippogriffs (D:8)
  A spriggan (D:7)
  2 yaks (Lair:1)
  A porcupine (Lair:2)
  An ice beast (D:8)
  An orc warrior (D:8)
  2 black bears
  A phantom (D:8)
  2 ogres (D:8)
  4 centaurs
  2 crocodiles
  4 bullfrogs
  2 gnoll sergeants
  3 scorpions
  3 wights (D:6)
  2 howler monkeys (D:4)
  A centaur zombie (D:5)
  A crimson imp (D:7)
  5 hounds
  An orc priest (D:8)
  Crazy Yiuf (D:3)
  3 orc wizards
  3 iguanas
  Natasha (twice) (D:3)
  8 worker ants
  A hound skeleton (D:5)
  12 adders
  11 gnolls
  2 oozes
  An adder zombie (D:7)
  2 adder skeletons
  4 worms
  2 dart slugs (D:1)
  5 leopard geckos
  14 orcs
  9 bats
  3 giant cockroaches
  8 goblins
  9 hobgoblins
  14 jackals
  A ball python (D:8)
  3 frilled lizards
  16 kobolds
  A leopard gecko skeleton (D:8)
  A quokka skeleton (D:4)
  10 rats
189 creatures vanquished.

Vanquished Creatures (collateral kills)
  A sky beast (D:5)
  A bullfrog (Lair:1)
2 creatures vanquished.

Vanquished Creatures (others)
  A plant (D:8)
1 creature vanquished.

Grand Total: 192 creatures vanquished

Notes
Turn   | Place    | Note
-------+----------+-------------------------------------------
     0 | D:1      | MisterFreud the Gnoll Chaos Knight began the quest for the
                  | Orb.
     0 | D:1      | Reached XP level 1. HP: 23/23 MP: 1/1
   142 | D:1      | Reached XP level 2. HP: 27/29 MP: 2/2
   424 | D:1      | XOM: divination: magic mapping
   457 | D:1      | Reached XP level 3. HP: 35/35 MP: 3/3
   525 | D:1      | XOM: silly message
   857 | D:2      | Reached skill level 1 in Invocations
  1009 | D:2      | Reached skill level 1 in Long Blades
  1009 | D:2      | Reached skill level 1 in Axes
  1009 | D:2      | Reached skill level 1 in Maces & Flails
  1009 | D:2      | Reached skill level 1 in Polearms
  1009 | D:2      | Reached skill level 1 in Staves
  1009 | D:2      | Reached skill level 1 in Slings
  1009 | D:2      | Reached skill level 1 in Bows
  1009 | D:2      | Reached skill level 1 in Crossbows
  1009 | D:2      | Reached skill level 1 in Throwing
  1009 | D:2      | Reached skill level 1 in Stealth
  1009 | D:2      | Reached skill level 1 in Shields
  1009 | D:2      | Reached skill level 1 in Unarmed Combat
  1009 | D:2      | Reached skill level 1 in Spellcasting
  1009 | D:2      | Reached skill level 1 in Evocations
  1009 | D:2      | Reached XP level 4. HP: 35/41 MP: 5/5
  1024 | D:2      | Found a white marble altar of Elyvilon.
  1031 | D:2      | Found a shadowy altar of Dithmenos.
  1034 | D:2      | XOM: harmless Conj miscast
  1059 | D:2      | Reached skill level 1 in Conjurations
  1059 | D:2      | Reached skill level 1 in Hexes
  1059 | D:2      | Reached skill level 1 in Charms
  1059 | D:2      | Reached skill level 1 in Summonings
  1059 | D:2      | Reached skill level 1 in Necromancy
  1059 | D:2      | Reached skill level 1 in Translocations
  1059 | D:2      | Reached skill level 1 in Transmutations
  1059 | D:2      | Reached skill level 1 in Fire Magic
  1059 | D:2      | Reached skill level 1 in Ice Magic
  1059 | D:2      | Reached skill level 1 in Air Magic
  1059 | D:2      | Reached skill level 1 in Earth Magic
  1059 | D:2      | Reached skill level 1 in Poison Magic
  1114 | D:2      | XOM: silly message
  1120 | D:2      | Reached XP level 5. HP: 40/47 MP: 6/6
  1655 | D:3      | Found a runed translucent door.
  1656 | D:3      | Noticed Crazy Yiuf
  1734 | D:3      | XOM: silly message
  2187 | D:3      | Noticed Natasha
  2188 | D:3      | XOM: harmless Ice miscast
  2193 | D:3      | Killed Natasha
  2193 | D:3      | Reached XP level 6. HP: 50/53 MP: 8/8
  2238 | D:3      | Found a shimmering blue altar of Sif Muna.
  2355 | D:3      | XOM: god gift: glowing rapier {god gift}
  2802 | D:3      | Noticed Natasha
  2808 | D:3      | Killed Natasha
  2859 | D:3      | XOM is BORED!
  2859 | D:3      | XOM: stat loss: -3 Str (12/15)
  3038 | D:3      | Killed Crazy Yiuf
  3174 | D:3      | XOM: harmless Necr miscast
  3182 | D:4      | Found an opulent altar of Gozag.
  3216 | D:4      | Reached skill level 5 in Armour
  3248 | D:4      | XOM: give mutations
  3248 | D:4      | Gained mutation: You have sharp fingernails. [Xom's grace]
  3248 | D:4      | Gained mutation: You expend magic power (3 MP) to
                  | strengthen your wands. [Xom's grace]
  3248 | D:4      | Gained mutation: Your spells are a little harder to cast,
                  | but a little more powerful. [Xom's grace]
  3282 | D:4      | Reached XP level 7. HP: 56/59 MP: 10/10
  3299 | D:4      | XOM: medium Erth miscast
  3303 | D:4      | XOM: cloud trail
  3446 | D:4      | Found a staircase to the Ecumenical Temple.
  3520 | D:4      | You fall into a shaft and drop 1 floor!
  3520 | D:5      | Entered Level 5 of the Dungeon
  3537 | D:5      | XOM: summons 2 friendly demons
  3576 | D:5      | XOM: scenery: 1 doors open
  3584 | D:5      | XOM: divination: magic mapping
  3659 | D:4      | Found a radiant altar of Vehumet.
  3856 | D:4      | XOM: scenery: create altars
  4189 | D:5      | Found an ancient bone altar of Kikubaaqudgha.
  4216 | D:5      | Found a bloodstained altar of Trog.
  4292 | D:5      | XOM: god gift: 7 atropa-tipped darts
  4333 | D:5      | XOM: summons 3 friendly demons
  4417 | D:5      | Reached XP level 8. HP: 62/67 MP: 12/12
  4610 | D:5      | XOM: god gift: scroll of teleportation
  4632 | D:5      | XOM: cloud trail
  4760 | D:6      | Found a burning altar of Makhleb.
  4880 | D:6      | XOM: confuse monster(s)
  4986 | D:6      | XOM: fog
  5070 | D:6      | Found a glowing golden altar of the Shining One.
  5175 | D:6      | XOM: enchant monster (good)
  5306 | D:7      | Found a hide-covered altar of Uskayaw.
  5306 | D:7      | Noticed a +0 dagger
  5306 | D:7      | Noticed a +0 dagger
  5335 | D:7      | Found a flagged portal.
  5490 | D:7      | Noticed a spriggan baker
  5496 | D:7      | Killed a spriggan baker
  5496 | D:7      | Reached XP level 9. HP: 72/72 MP: 14/14
  5521 | D:7      | XOM: enchant monster (good)
  5543 | D:7      | Found a shimmering altar of Xom.
  5610 | D:7      | Found an ornate altar of the Wu Jian Council.
  5624 | D:7      | XOM is BORED!
  5781 | D:7      | Found a sparkling altar of Nemelex Xobeh.
  5888 | D:8      | XOM: potion effect (brilliance)
  5972 | D:8      | Found Hefely's Magic Scroll Emporium.
  5980 | D:8      | Bought a scroll of teleportation for 36 gold pieces
  5980 | D:8      | Bought a scroll of teleportation for 36 gold pieces
  5980 | D:8      | Bought a scroll of magic mapping for 42 gold pieces
  5980 | D:8      | Bought a scroll of fear for 42 gold pieces
  5980 | D:8      | Bought a scroll of fear for 42 gold pieces
  5980 | D:8      | Bought a scroll of magic mapping for 42 gold pieces
  5980 | D:8      | Bought a scroll of identify for 24 gold pieces
  5980 | D:8      | Bought a scroll of identify for 24 gold pieces
  5980 | D:8      | Bought a scroll of identify for 24 gold pieces
  5985 | D:8      | XOM: 2-stop teleportation journey
  6150 | D:8      | Reached skill level 5 in Dodging
  6874 | D:8      | XOM: divination: detect creatures
  6920 | D:8      | Found a staircase to the Lair.
  6921 | D:8      | Noticed a komodo dragon
  6968 | D:8      | Reached skill level 5 in Invocations
  7065 | D:8      | XOM: cast spell 'Disjunction'
  7085 | D:8      | Killed a komodo dragon
  7085 | D:8      | Reached XP level 10. HP: 77/80 MP: 15/17
  7134 | D:8      | XOM: 6-stop teleportation journey
  7388 | D:8      | Learned a level 3 spell: Mephitic Cloud
  7395 | D:8      | XOM is BORED!
  7398 | Lair:1   | Entered Level 1 of the Lair of Beasts
  7514 | Lair:1   | Noticed a spiny frog
  7525 | Lair:1   | XOM: divination: detect creatures
  7542 | Lair:1   | Killed a spiny frog
  7542 | Lair:1   | Reached skill level 5 in Long Blades
  7542 | Lair:1   | Reached skill level 5 in Axes
  7542 | Lair:1   | Reached skill level 5 in Maces & Flails
  7542 | Lair:1   | Reached skill level 5 in Polearms
  7542 | Lair:1   | Reached skill level 5 in Staves
  7542 | Lair:1   | Reached skill level 5 in Slings
  7542 | Lair:1   | Reached skill level 5 in Bows
  7542 | Lair:1   | Reached skill level 5 in Crossbows
  7542 | Lair:1   | Reached skill level 5 in Throwing
  7542 | Lair:1   | Reached skill level 5 in Stealth
  7542 | Lair:1   | Reached skill level 5 in Shields
  7542 | Lair:1   | Reached skill level 5 in Unarmed Combat
  7542 | Lair:1   | Reached skill level 5 in Spellcasting
  7542 | Lair:1   | Reached skill level 5 in Evocations
  7544 | Lair:1   | XOM: swap monsters
  7552 | Lair:1   | XOM: fog
  7813 | Lair:1   | XOM: divination: detect creatures
  7831 | Lair:1   | You fall into a shaft and drop 1 floor!
  7834 | Lair:2   | XOM: summons 2 friendly demons
  7847 | Lair:2   | XOM: cleaving
  7856 | Lair:2   | HP: 1/82 [basilisk (7)]
  7857 | Lair:2   | Slain by a basilisk

Levels and vault maps discovered:
D:1:      dpeg_arrival_radiant, layout_basic
D:2:      layout_rooms, grunt_temple_overflow_open, first_ration
D:3:      layout_basic, nicolae_overflow_hidden_temple, uniq_crazy_yiuf_cottage,
          uniq_natasha
D:4:      minmay_chambers_of_fours, layout_basic, vehumet_statue,
          nicolae_gozag_seed_capital, minmay_temple_entry_wispy
D:5:      layout_gridville, marbit_many_paths, trog_hazing_becter
D:6:      layout_rooms, old_standard_altar, makhleb_heckhound_becter
D:7:      layout_gridville, kennysheep_mini, dancing_weapons_uskayaw,
          kennysheep_little_box, lemuel_crystal_altar, enter_bailey_2,
          the_bakery
D:8:      kennysheep_ambush_hall, layout_layer_cave, david_lair_shrubbed,
          serial_shops, shop
Lair:1:   layout_long_grid, beast_lair_carwin_4, serial_bayou_shore_b,
          serial_bayou_shore_a, serial_bayou_shore_b
Lair:2:   layout_misc_corridors, minmay_hedge_maze, minmay_lair_oklob_chamber,
          uniq_erica

Skill      XL: |  1  2  3  4  5  6  7  8  9 10 |
---------------+-------------------------------+-----
Invocations    | 1 2 3 4 5 |  5.6
Long Blades    | 1 2 3 4 5 |  5.1
Axes           | 1 2 3 4 5 |  5.1
Maces & Flails | 1 2 3 4 5 |  5.1
Polearms       | 1 2 3 4 5 |  5.1
Staves         | 1 2 3 4 5 |  5.1
Slings         | 1 2 3 4 5 |  5.1
Bows           | 1 2 3 4 5 |  5.1
Crossbows      | 1 2 3 4 5 |  5.1
Throwing       | 1 2 3 4 5 |  5.1
Stealth        | 1 2 3 4 5 |  5.1
Shields        | 1 2 3 4 5 |  5.1
Unarmed Combat | 1 2 3 4 5 |  5.1
Spellcasting   | 1 2 3 4 5 |  5.1
Evocations     | 1 2 3 4 5 |  5.1
Conjurations   | 1 2 3 4 |  4.2
Hexes          | 1 2 3 4 |  4.2
Charms         | 1 2 3 4 |  4.2
Summonings     | 1 2 3 4 |  4.2
Necromancy     | 1 2 3 4 |  4.2
Translocations | 1 2 3 4 |  4.2
Transmutations | 1 2 3 4 |  4.2
Fire Magic     | 1 2 3 4 |  4.2
Ice Magic      | 1 2 3 4 |  4.2
Air Magic      | 1 2 3 4 |  4.2
Earth Magic    | 1 2 3 4 |  4.2
Poison Magic   | 1 2 3 4 |  4.2
Dodging        | 3 4 5 |  5.7
Armour         | 5 6 |  6.9
Fighting       | 7 8 |  8.4
Short Blades   | 7 8 |  8.4

Action                   |  1- 3 |  4- 6 |  7- 9 | 10-12 || total
-------------------------+-------+-------+-------+-------++-------
Melee: Short sword       |    77 |       |       |       ||    77
       Bite              |    11 |    14 |    54 |     4 ||    83
       Whip              |    10 |   136 |       |       ||   146
       Rapier            |       |    44 |   410 |    35 ||   489
 Cast: Mephitic Cloud    |       |       |       |     3 ||     3
Evoke: Wand              |       |       |       |     1 ||     1
  Use: Scroll            |       |       |    17 |     1 ||    18
 Stab: Confused          |       |       |     1 |     3 ||     4
       Paralysed         |       |       |       |     2 ||     2
  Eat: Chunk             |       |     7 |    13 |     3 ||    23
Armor: Plate armour      |    41 |   114 |   239 |     1 ||   395
       Leather armour    |       |       |       |     7 ||     7
Dodge: Dodged            |    14 |    46 |   162 |    18 ||   240
Block: Buckler           |     7 |    39 |    79 |     5 ||   130

Table legend:
 A = Non-vault XP
 B = Vault XP
 C = Vault XP percentage of total XP
 D = Non-vault monster count
 E = Vault monster count
 F = Vault count percentage of total count
                 A         B        C        D         E       F
            +---------+---------+-------+---------+---------+-------
      Total |    4530 |    1627 |  26.4 |     171 |      20 |  10.5
            +---------+---------+-------+---------+---------+-------
        D:1 |      49 |       0 |   0.0 |      24 |       0 |   0.0
        D:2 |     180 |       0 |   0.0 |      34 |       0 |   0.0
        D:3 |     118 |      76 |  39.2 |      25 |       2 |   7.4
        D:4 |     390 |      36 |   8.5 |      16 |       1 |   5.9
        D:5 |     384 |       9 |   2.3 |      11 |       6 |  35.3
        D:6 |     778 |      45 |   5.5 |      21 |       1 |   4.5
        D:7 |     475 |     229 |  32.5 |      14 |       1 |   6.7
        D:8 |    1517 |     713 |  32.0 |      21 |       6 |  22.2
     Lair:1 |     408 |     519 |  56.0 |       3 |       3 |  50.0
     Lair:2 |     231 |       0 |   0.0 |       2 |       0 |   0.0
            +---------+---------+-------+---------+---------+-------
